 Dungeon Crawl Stone Soup version 0.30-a0-358-g0d69a1922f (webtiles) character file.

Game seed: 14319123017089816832

102 Elric the Slasher (level 4, -1/40 HPs)
             Began as a Minotaur Fighter on Nov 9, 2022.
             Slain by Grinder (7 damage)
             ... while paralysed by Grinder
             ... on level 3 of the Dungeon.
             The game lasted 00:02:44 (1872 turns).

Elric the Slasher (Minotaur Fighter)                Turns: 1872, Time: 00:02:44

Health: -1/40      AC:  6    Str: 22    XL:     4   Next: 49%
Magic:  3/3        EV:  2    Int:  5    God:
Gold:   104        SH:  0    Dex: 10    Spells: 3/3 levels left

rFire   . . .      SeeInvis .    a - +0 long sword
rCold   . . .      Faith    .    c - +0 buckler
rNeg    . . .      Spirit   .    b - +0 scale mail
rPois   .          Reflect  .    (helmet restricted)
rElec   .          Harm     .    (no cloak)
rCorr   .          Rampage  .    (no gloves)
Will    .....                    (no boots)
Stlth   ..........               (no amulet)
HPRegen 0.26/turn                (no ring)
MPRegen 0.08/turn                (no ring)

@: paralysed
A: horns 2, retaliatory headbutt
a: no special abilities


You were on level 3 of the Dungeon.
You visited 1 branch of the dungeon, and saw 3 of its levels.

You collected 104 gold pieces.

Inventory:

Hand Weapons
 a - a +0 long sword (weapon)
Armour
 b - a +0 scale mail (worn)
 c - a +0 buckler (worn)
Jewellery
 n - a ring of positive energy
Scrolls
 e - 4 scrolls of teleportation {unknown}
 f - a scroll of silence {unknown}
 i - a scroll of brand weapon {unknown}
 l - 2 scrolls of vulnerability {unknown}
 o - a scroll of amnesia {unknown}
 q - 2 scrolls of immolation {unknown}
 r - a scroll of magic mapping {unknown}
 s - 2 scrolls of identify {unknown}
Potions
 d - a potion of might
 g - a potion of resistance {unknown}
 h - 2 potions of attraction {unknown}
 j - a potion of curing {unknown}
 k - a potion of heal wounds {unknown}
 m - a potion of haste {unknown}
 p - a potion of lignification {unknown}
 t - a potion of berserk rage {unknown}


   Skills:
 - Level 3.6 Fighting
 * Level 5.7 Long Blades
 - Level 3.6 Armour
 - Level 3.6 Shields


You had 3 spell levels left.
You didn't know any spells.
Your spell library was empty.

Dungeon Overview and Level Annotations

Branches:
Dungeon (3/15)

Altars:

Annotations:
D:3 Grinder


Innate Abilities, Weirdness & Mutations

You have a pair of horns on your head.
You reflexively headbutt those who attack you in melee.


Message History

The adder barely misses you. You furiously retaliate!
You headbutt the adder!
You kill the adder!
You feel sick. The jackal bites you.
You slash the jackal!
You kill the jackal!
You feel sick.
You are no longer poisoned.
You hit the kobold. You headbutt the kobold.
You kill the kobold!
Grinder blinks!
You hit the quokka. You headbutt the quokka.
You kill the quokka!
Grinder gestures at you.
You suddenly lose the ability to move!
Grinder gestures at you. Pain shoots through your body!
You can move again.
Grinder closely misses you.
Items here: ) †††.
You closely miss Grinder. Your headbutt misses Grinder.
Grinder closely misses you.
You hit Grinder.
Grinder is lightly wounded.
Grinder hits you but does no damage. Grinder gestures at you.
You resist with significant effort.
You closely miss Grinder. Your headbutt misses Grinder.
Grinder is lightly wounded.
Grinder gestures at you. Pain shoots through your body!
You closely miss Grinder.
Grinder is lightly wounded.
Grinder gestures at you.
You suddenly lose the ability to move!
Grinder hits you.
* * * LOW HITPOINT WARNING * * *
You writhe in agony.
* * * LOW HITPOINT WARNING * * *
Grinder hits you!
You die...

##..........#####.....).
##......⌠.## ##.⌠....
#####...## ##..... #..##
##.... #.## ##.#. #.#
#.## #.# #.## #.# #. #@#
#5.# #...# #..⌠.#
#.....# #.......
#.##....# ... ###..


You could see Grinder.

Vanquished Creatures
  A gnoll (D:1)
  3 adders
  A worm (D:2)
  A dart slug (D:2)
  6 ball pythons
  9 endoplasms
  A giant cockroach (D:1)
  6 goblins
  5 hobgoblins
  A jackal (D:3)
  3 quokkas (D:3)
  3 bats
  A frilled lizard (D:2)
  9 kobolds
  6 rats
56 creatures vanquished.

Notes
Turn   | Place    | Note
-------+----------+-------------------------------------------
     0 | D:1      | Elric the Minotaur Fighter began the quest for the Orb.
     0 | D:1      | Reached XP level 1. HP: 19/19 MP: 0/0
   107 | D:1      | Reached skill level 3 in Long Blades
   129 | D:1      | Reached XP level 2. HP: 26/27 MP: 1/1
   363 | D:1      | Reached skill level 4 in Long Blades
   553 | D:1      | Reached XP level 3. HP: 33/33 MP: 2/2
   796 | D:2      | Found a faded altar of an unknown god.
   954 | D:2      | Reached skill level 5 in Long Blades
  1131 | D:2      | Reached XP level 4. HP: 31/40 MP: 3/3
  1853 | D:3      | Noticed Grinder
  1863 | D:3      | Paralysed by Grinder for 3 turns
  1870 | D:3      | Paralysed by Grinder for 3 turns
  1872 | D:3      | Slain by Grinder

Illustrated notes

Levels and vault maps discovered:
D:1:      dpeg_arrival_erosion, layout_basic
D:2:      layout_basic, hellmonk_ecumenical_altar_heavens_door
D:3:      layout_rooms, nicolae_overflow_ecumenical_swirl,
          kennysheep_cluttered_room, uniq_grinder

Skill      XL: |  1  2  3 |
---------------+----------+-----
Long Blades    | 3 4 5 |  5.7
Fighting       | |  3.6
Armour         | |  3.6
Shields        | |  3.6

Action                   |  1- 3 |  4- 6 || total
-------------------------+-------+-------++-------
Melee: Long sword        |    92 |    45 ||   137
       Headbutt          |    13 |     7 ||    20
  Use: Potion            |     1 |       ||     1
Armor: Scale mail        |    38 |    16 ||    54
Dodge: Dodged            |    64 |    14 ||    78
Block: Buckler           |    23 |     7 ||    30

Table legend: (Time is in decaauts)
 A = Elapsed time spent in this place.
 B = Non-inter-level travel time spent in this place.
 C = Inter-level travel time spent in this place.
 D = Time resting spent in this place.
 E = Time spent auto-exploring this place.
 F = Levels seen in this place.
 G = Mean time per level.
                   A        B        C        D        E       F      G
               +--------+--------+--------+--------+--------+-----+--------+
         Total |   1902 |   1873 |     29 |      0 |   1512 |   3 |  634.0 |
       Dungeon |   1902 |   1873 |     29 |      0 |   1512 |   3 |  634.0 |
               +--------+--------+--------+--------+--------+-----+--------+

Top non-repeatable levels by time:
     D:2: 975 daAuts
     D:1: 681 daAuts
     D:3: 245 daAuts
